 Dungeon Crawl Stone Soup version 0.18.1-6-gd335043 (webtiles) character file.

1514 NoLuckNoSkill the Cudgeler (level 8, -15/64 HPs)
             Began as a Demonspawn Chaos Knight on May 17, 2016.
             Demolished by an orc warrior
             ... wielding a +0 battleaxe
              (18 damage)
             ... on level 6 of the Dungeon.
             The game lasted 00:10:11 (4664 turns).

NoLuckNoSkill the Cudgeler (DsCK)                   Turns: 4664, Time: 00:10:12

Health: -15/64     AC:  7    Str: 18    XL:     8   Next: 53%
Magic:  8/8        EV: 13    Int: 19    God:    Xom [.....*]
Gold:   286        SH:  0    Dex: 16    Spells: 0 memorised, 7 levels left

rFire  . . .     SeeInvis +     a - +1 mace (chaos)
rCold  . . .     Gourm    .     b - +3 leather armour
rNeg   . . .     Faith    .     (no shield)
rPois  .         Spirit   .     t - +0 helmet
rElec  .         Dismiss  .     (no cloak)
rCorr  .         Reflect  .     (no gloves)
SustAt .         Harm     .     (no boots)
MR     .....                    m - amulet of rage
Stlth  ++........               x - ring of see invisible
                                g - +4 ring of intelligence

@: slowed, very slow, not resistant to hostile enchantments, unstealthy
A: hooves 1, thin skeletal structure 1, clever 1, spiny 1, strong 2, rot
immunity
a: Renounce Religion, Evoke Berserk Rage


You were on level 6 of the Dungeon.
You worshipped Xom.
You were Xom's teddy bear.
You were hungry.

You visited 1 branch of the dungeon, and saw 6 of its levels.
You also visited: Sewer.

You collected 286 gold pieces.

Inventory:

Hand Weapons
 a - a +1 mace of chaos (weapon)
Armour
 b - a +3 leather armour (worn)
 o - a +0 buckler
 t - a +0 helmet (worn)
 w - a troll hide {Purgy}
Magical Staves
 e - an uncursed staff of air {unknown}
Jewellery
 f - an uncursed ring of ice
 g - a +4 ring of intelligence (left hand)
 k - a +3 ring of intelligence
 m - an amulet of rage (around neck)
 x - a ring of see invisible (right hand)
Wands
 l - a wand of random effects (39/48)
 s - a wand of polymorph (13/24)
Scrolls
 q - 2 scrolls of identify
 u - a scroll of remove curse
 y - a scroll of fog
Potions
 d - 3 potions of brilliance
 j - 2 potions of curing
 n - a potion of invisibility
 p - a potion of flight
 r - a potion of lignification
Comestibles
 c - 2 bread rations
 h - a slice of pizza
 i - 4 meat rations


   Skills:
 + Level 5.8 Fighting
 * Level 7.4 Maces & Flails
 + Level 3.4 Armour
 + Level 2.8 Dodging
 + Level 2.7 Shields


You had 7 spell levels left.
You didn't know any spells.

Dungeon Overview and Level Annotations

Branches:
Dungeon (6/15)
 Temple: D:4-7

Altars:
Qazlal
Ru
Xom
The Shining One


Innate Abilities, Weirdness & Mutations

You have large cloven feet.
You have a somewhat thin skeletal structure (Dex +2, Stealth).
You are partially covered in sharp spines.
You are immune to rotting.
Your mind is acute. (Int +2)
Your muscles are very strong. (Str +4)


Message History

The orc wizard points at you and mumbles some strange words.
The magic dart hits you!
You hit the orc wizard. You burn the orc wizard.
You kill the orc wizard!
The orc warrior hits you with a battleaxe.
Unknown command.
You hit the orc warrior.
You kick the orc warrior, but do no damage.
The orc warrior is moderately wounded.
The orc wizard casts a spell.
The orc wizard blinks!
The orc warrior hits you with a battleaxe!!
* * * LOW HITPOINT WARNING * * *
The orc wizard gestures wildly while chanting.
The orc wizard blinks!
Unknown command.
The orc warrior is struck by your spines.
The orc warrior hits you with a battleaxe!!
You die...
Xom chuckles heartily!

#>######.#.###.#.#.### #.
#.#.....#+#.# ####.##
#.######....# .......
#......'....#
....o.ยง###########....#
..........)......#....###
..........######.#.####..
..._......# #.#....'..
........@.######'######..
######.o..#....)......'..
#.)).#.......#####..
#....#.......# #..
#.)..#.......# #..
#)...#.......# ###
.)...#.......#
....###.......# )...#
#########


You could see an orc warrior and an orc wizard.

Vanquished Creatures
  The ghost of Bubs the Shield-Bearer, a novice FoFi of Elyvilon (D:5)
  Grinder (D:4)
  Eustachio (D:4)
  Purgy (Sewer)
  The ghost of ThereIsNoGod the Digger, an amateur DrEE of Pakellas (D:3)
  A wyvern zombie (D:6)
  A scorpion (D:4)
  2 howler monkeys (D:4)
  A hound (D:5)
  A giant frog zombie (D:5)
  An orc priest (D:4)
  A giant frog skeleton (D:3)
  An iguana (D:3)
  3 orc wizards
  2 worker ants (D:4)
  Robin (D:4)
  6 gnolls
  12 adders
  A shadow imp (D:5)
  An ooze (D:3)
  An adder skeleton (D:4)
  A worm (D:4)
  3 dart slugs
  2 giant geckos
  5 orcs
  3 ball pythons
  6 bats
  5 giant cockroaches
  11 hobgoblins
  5 jackals (D:1)
  4 quokkas
  6 giant newts
  18 goblins
  7 kobolds
  5 rats
122 creatures vanquished.

Vanquished Creatures (others)
  An orc priest (D:6)
  An adder zombie (D:6)
  3 orcs (D:6)
5 creatures vanquished.

Grand Total: 127 creatures vanquished

Notes
Turn   | Place    | Note
--------------------------------------------------------------
     0 | D:1      | NoLuckNoSkill the Demonspawn Chaos Knight began the quest for the Orb.
     0 | D:1      | Reached XP level 1. HP: 18/18 MP: 1/1
   269 | D:1      | Reached skill level 3 in Maces & Flails
   270 | D:1      | Gained mutation: You have a somewhat thin skeletal structure (Dex +2, Stealth). [demonic ancestry]
   270 | D:1      | Reached XP level 2. HP: 21/24 MP: 2/2
   280 | D:1      | XOM: divination: magic mapping
   417 | D:1      | HP: 1/24 [hobgoblin/club (3)]
   635 | D:1      | Gained mutation: You are partially covered in sharp spines. [demonic ancestry]
   635 | D:1      | Reached XP level 3. HP: 29/29 MP: 3/3
   856 | D:2      | Reached skill level 4 in Maces & Flails
   912 | D:2      | Reached XP level 4. HP: 24/36 MP: 4/4
   962 | D:2      | XOM: divination: detect items
  1023 | D:2      | Found a glowing golden altar of the Shining One.
  1194 | D:2      | XOM: harmless Necr miscast
  1254 | D:3      | Noticed ThereIsNoGod's ghost (amateur DrEE)
  1267 | D:3      | XOM: potion effect (brilliance)
  1279 | D:3      | Killed ThereIsNoGod's ghost
  1279 | D:3      | Reached XP level 5. HP: 18/42 MP: 5/5
  1452 | D:3      | Reached skill level 5 in Maces & Flails
  1563 | D:3      | XOM: cast spell 'Spider Form'
  1571 | D:3      | HP: 1/43 [gnoll/spear (4)]
  1703 | D:3      | XOM: god gift: 18 gold pieces
  2094 | D:3      | XOM: mild Conj miscast
  2128 | D:4      | XOM: enchant monster (good)
  2135 | D:4      | Noticed Robin
  2137 | D:3      | Gained mutation: You have large cloven feet. [demonic ancestry]
  2137 | D:3      | Reached XP level 6. HP: 25/49 MP: 6/6
  2178 | D:4      | Noticed Eustachio
  2187 | D:4      | Killed Eustachio
  2187 | D:4      | Reached skill level 6 in Maces & Flails
  2237 | D:4      | Noticed Grinder
  2240 | D:4      | Reached skill level 1 in Dodging
  2250 | D:4      | Gained mutation: You are immune to rotting. [demonic ancestry]
  2250 | D:4      | Reached XP level 7. HP: 31/55 MP: 7/7
  2272 | D:4      | Killed Grinder
  2272 | D:4      | Reached skill level 5 in Fighting
  2272 | D:4      | Reached skill level 1 in Shields
  2350 | D:4      | HP: 2/56 [gnoll/enchanted spear (10)]
  2350 | D:4      | XOM: smoke on damage
  2796 | D:4      | Found a sacrificial altar of Ru.
  2796 | D:4      | Found a stormy altar of Qazlal.
  2899 | D:4      | Killed Robin
  3176 | D:4      | XOM: mild Ice miscast
  3254 | D:4      | XOM: harmless Chrm miscast
  3356 | D:4      | XOM: cast spell 'Dragon Form'
  3366 | D:5      | XOM: stealth player
  3366 | D:5      | Entered Level 5 of the Dungeon
  3535 | D:5      | Noticed Bubs's ghost (novice FoFi)
  3555 | D:5      | Killed Bubs's ghost
  3555 | D:5      | Reached skill level 7 in Maces & Flails
  3555 | D:5      | Reached XP level 8. HP: 15/63 MP: 8/8
  4256 | D:6      | Found a glowing drain.
  4267 | Sewer    | Entered a sewer
  4269 | Sewer    | XOM: harmless Chrm miscast
  4296 | Sewer    | Noticed Purgy
  4300 | Sewer    | XOM: potion effect (berserk rage)
  4305 | Sewer    | Killed Purgy
  4428 | D:6      | XOM: give mutations
  4428 | D:6      | Gained mutation: Your mind is acute. (Int +2) [Xom's grace]
  4428 | D:6      | Gained mutation: Your muscles are strong. (Str +2) [Xom's grace]
  4428 | D:6      | Gained mutation: Your muscles are very strong. (Str +4) [Xom's grace]
  4652 | D:6      | XOM: destruction
  4655 | D:6      | XOM: scenery: create altars
  4663 | D:6      | HP: 2/64 [orc warrior/battleaxe (20)]
  4664 | D:6      | Demolished by an orc warrior

Skill      XL: |  1  2  3  4  5  6  7 |
---------------+----------------------+-----
Maces & Flails | 3 4 5 6 7 |  7.4
Fighting       | 4 5 |  5.8
Dodging        | 1 2 |  2.8
Armour         | 2 3 |  3.4
Shields        | 2 |  2.7

Action                   |  1- 3 |  4- 6 |  7- 9 || total
-------------------------+-------+-------+-------++-------
Melee: Mace              |    95 |   101 |   124 ||   320
       Unarmed           |       |     5 |     2 ||     7
       Kick              |       |     5 |    38 ||    43
  Use: Potion            |     1 |       |     8 ||     9
       Scroll            |       |     8 |     4 ||    12
 Stab: Sleeping          |     2 |     3 |     3 ||     8
       Paralysed         |     1 |       |       ||     1
       Distracted        |       |       |     1 ||     1
  Eat: Chunk             |       |     4 |     9 ||    13
Armor: Leather armour    |    45 |    32 |    38 ||   115
       Skin              |       |       |     2 ||     2
Dodge: Dodged            |    64 |    53 |    63 ||   180
